[Event "ICC tourney 2417 (40 10)"]
[Site "Internet Chess Club"]
[Date "2021.02.28"]
[Round "4"]
[White "HE, HENRY:wangfang75"]
[Black "Dragun, Kamil:Dragso95"]
[Result "0-1"]
[ICCResult "White resigns"]
[WhiteElo "1838"]
[BlackElo "2607"]
[Opening "Sicilian: Najdorf"]
[ECO "B90"]
[NIC "SI.14"]
[Time "17:47:08"]
[PlyCount "54"]
[TimeControl "2400+10"]

1. e4 c5 2. Nf3 d6 3. d4 cxd4 4. Nxd4 Nf6 5. Nc3 a6 6. f3 e6 7. Bc4 b5 8.
Bb3 Nbd7 9. a4 b4 10. Nce2 Nc5 11. Be3 Qc7 12. Qd2 Rb8 13. Nc1 Be7 14. Nd3
e5 15. Ne2 Nxb3 16. cxb3 Be6 17. Nxb4 Qb7 18. Nd3 Bxb3 19. O-O O-O 20. Rfc1
Rfc8 21. Nc3 d5 22. exd5 Nxd5 23. Nxd5 Qxd5 24. Rxc8+ Rxc8 25. Nb4 Qc4 26.
Qd7 Bxb4 27. Rc1 Bc2 { White resigns } 0-1

[Event "ICC tourney 2417 (40 10)"]
[Site "Internet Chess Club"]
[Date "2021.02.28"]
[Round "4"]
[White "GUSEINOV, GADIR:GGuseinov"]
[Black "DENG, HENRY:SuperPuzzler"]
[Result "1-0"]
[ICCResult "Black resigns"]
[WhiteElo "2715"]
[BlackElo "2042"]
[Opening "Sicilian: closed"]
[ECO "B23"]
[NIC "SI.44"]
[Time "17:47:11"]
[PlyCount "97"]
[TimeControl "2400+10"]

1. e4 c5 2. Nc3 d6 3. Bb5+ Bd7 4. Bxd7+ Nxd7 5. f4 g6 6. Nf3 Bg7 7. Qe2 e6
8. Nb5 Qb6 9. Qd3 Ke7 10. f5 Ngf6 11. c4 Ng4 12. fxe6 fxe6 13. Qe2 a6 14.
Nc3 Nge5 15. d3 Nxf3+ 16. gxf3 Bf6 17. f4 Kf7 18. h4 Qd8 19. h5 Qe7 20. Bd2
b5 21. O-O-O Rab8 22. e5 dxe5 23. fxe5 Bxe5 24. Rdf1+ Ke8 25. cxb5 axb5 26.
Ne4 c4 27. d4 Bxd4 28. Bg5 Qb4 29. a3 Qxb2+ 30. Qxb2 Bxb2+ 31. Kxb2 Ne5 32.
Nf6+ Ke7 33. Ng4+ Kd6 34. Nxe5 Rhc8 35. Nf7+ Kc5 36. Be3+ Kc6 37. Rd1 c3+
38. Kxc3 Kb7+ 39. Kb3 Rc7 40. Bf4 Rxf7 41. Bxb8 Kxb8 42. hxg6 hxg6 43. Rhf1
Rh7 44. Rf6 g5 45. Rxe6 Rg7 46. Rde1 Kc8 47. Re7 Rg6 48. R1e6 Rxe6 49. Rxe6
{ Black resigns } 1-0

[Event "ICC tourney 2417 (40 10)"]
[Site "Internet Chess Club"]
[Date "2021.02.28"]
[Round "4"]
[White "GOLDSTEIN, ARAV MICAH:LoopyLoop"]
[Black "GOODMAN, HAYES N:MateOnF7"]
[Result "1-0"]
[ICCResult "Black resigns"]
[WhiteElo "1629"]
[BlackElo "1884"]
[Opening "Giuoco Piano"]
[ECO "C54"]
[NIC "IG.02"]
[Time "17:47:57"]
[PlyCount "43"]
[TimeControl "2400+10"]

1. e4 e5 2. Nf3 Nc6 3. Bc4 Bc5 4. c3 Nf6 5. d3 O-O 6. O-O Bb6 7. Nbd2 Re8
8. Re1 a5 9. Nf1 d5 10. exd5 Nxd5 11. Qb3 a4 12. Qd1 Bg4 13. h3 Bh5 14. Ng3
Bg6 15. d4 e4 16. Ng5 e3 17. Bxd5 Qxd5 18. Rxe3 Ne5 19. Nf3 Nc4 20. Rxe8+
Rxe8 21. Qxa4 Re6 22. Qa8+ { Black resigns } 1-0

[Event "ICC tourney 2417 (40 10)"]
[Site "Internet Chess Club"]
[Date "2021.02.28"]
[Round "4"]
[White "LEVIN, EVGENY A:Assured"]
[Black "Poliannikov, Danila:dopolian"]
[Result "1-0"]
[ICCResult "Black resigns"]
[WhiteElo "2577"]
[BlackElo "2266"]
[Opening "Benoni: Taimanov variation"]
[ECO "A67"]
[NIC "BI.33"]
[Time "17:47:11"]
[PlyCount "61"]
[TimeControl "2400+10"]

1. d4 Nf6 2. c4 c5 3. d5 e6 4. Nc3 exd5 5. cxd5 d6 6. e4 g6 7. f4 Bg7 8.
Bb5+ Nfd7 9. Nf3 O-O 10. O-O a6 11. Bd3 b5 12. Kh1 Nb6 13. f5 N8d7 14. Bg5
Qc7 15. Qe1 b4 16. Nd1 Re8 17. Qh4 c4 18. Rc1 Ne5 19. Nxe5 Bxe5 20. Ne3
Bxb2 21. Ng4 h5 22. Nh6+ Kg7 23. fxg6 fxg6 24. Rf7+ Qxf7 25. Nxf7 Bxc1 26.
Nxd6 Bxg5 27. Nxe8+ Kh6 28. Qf2 Bf5 29. h4 Bc1 30. exf5 cxd3 31. Qxb6 {
Black resigns } 1-0

[Event "ICC tourney 2417 (40 10)"]
[Site "Internet Chess Club"]
[Date "2021.02.28"]
[Round "4"]
[White "VAKHIDOV, JAKHONGIR:TjkTiger"]
[Black "BELOUS, VLADIMIR:Openyagami"]
[Result "1-0"]
[ICCResult "Black resigns"]
[WhiteElo "2605"]
[BlackElo "2601"]
[Opening "English: four knights, Nimzovich variation"]
[ECO "A28"]
[NIC "EO.21"]
[Time "17:48:04"]
[PlyCount "69"]
[TimeControl "2400+10"]

1. c4 e5 2. Nc3 Nc6 3. Nf3 Nf6 4. e4 Bb4 5. d3 d6 6. a3 Bc5 7. b4 Bb6 8.
Na4 Bd4 9. Rb1 Bg4 10. Be2 Bxf3 11. Bxf3 Qe7 12. Be3 a6 13. O-O O-O 14. Rc1
Bxe3 15. fxe3 Nd8 16. Nc3 Ne6 17. Nd5 Qd8 18. c5 Ng5 19. Bg4 Nxd5 20. exd5
h6 21. Qc2 g6 22. c6 b6 23. e4 b5 24. Bd7 Qb8 25. d4 Qb6 26. Rcd1 exd4 27.
Kh1 a5 28. h4 Nh7 29. e5 dxe5 30. Qe4 axb4 31. axb4 Ra4 32. Qxe5 Rxb4 33.
Qe7 Ra4 34. Rxf7 Rxf7 35. Be6 { Black resigns } 1-0

[Event "ICC tourney 2417 (40 10)"]
[Site "Internet Chess Club"]
[Date "2021.02.28"]
[Round "4"]
[White "HEBDEN, MARK L:mhebden"]
[Black "YAN, NATHAN:Natey"]
[Result "1-0"]
[ICCResult "Black checkmated"]
[WhiteElo "2503"]
[BlackElo "1853"]
[Opening "Neo-Grünfeld, 6.O-O"]
[ECO "D77"]
[NIC "GI.02"]
[Time "17:47:26"]
[PlyCount "101"]
[TimeControl "2400+10"]

1. d4 Nf6 2. Nf3 g6 3. g3 Bg7 4. Bg2 d5 5. O-O O-O 6. c4 c5 7. cxd5 cxd4 8.
Nxd4 Nxd5 9. Nb5 e6 10. e4 a6 11. exd5 axb5 12. Qb3 exd5 13. Nc3 Be6 14.
Bxd5 Bxd5 15. Nxd5 Nc6 16. Be3 Ne5 17. Rfd1 Qa5 18. Bc5 Rfe8 19. Be7 Qa4
20. Qxa4 Rxa4 21. Nf6+ Bxf6 22. Bxf6 Ng4 23. Bc3 Rea8 24. a3 Nh6 25. Rac1
Nf5 26. Rd5 Rc4 27. Rcd1 Re8 28. Rxb5 Rc7 29. Rbd5 Rce7 30. Rd7 Re2 31.
Rxb7 Rc8 32. a4 Nh6 33. h3 Nf5 34. a5 Ra8 35. a6 h5 36. a7 Kh7 37. Rxf7+
Kh6 38. Bd2+ g5 39. Rf6+ Kg7 40. Rxf5 Rxa7 41. Rxg5+ Kf6 42. Rxh5 Rd7 43.
Bc3+ Kg6 44. Rxd7 Kxh5 45. Rd6 Rc2 46. Kg2 Kg5 47. Kf3 Rc1 48. Bd2+ Kf5 49.
Bxc1 Ke5 50. Bf4+ Kf5 51. g4# { Black checkmated } 1-0

[Event "ICC tourney 2417 (40 10)"]
[Site "Internet Chess Club"]
[Date "2021.02.28"]
[Round "4"]
[White "BEEGALA, KESHAV:chessfirelord"]
[Black "BECKER, ALLEN J:bozone"]
[Result "1-0"]
[ICCResult "Black resigns"]
[WhiteElo "1674"]
[BlackElo "2071"]
[Opening "Nimzo-Indian: Fischer variation"]
[ECO "E43"]
[NIC "NI.12"]
[Time "17:47:56"]
[PlyCount "75"]
[TimeControl "2400+10"]

1. d4 Nf6 2. c4 e6 3. Nc3 Bb4 4. e3 b6 5. Bd3 Bb7 6. f3 O-O 7. a3 Bxc3+ 8.
bxc3 c5 9. Ne2 Nc6 10. O-O d6 11. e4 e5 12. d5 Na5 13. Ng3 Ba6 14. Qe2 Qd7
15. a4 h6 16. Ra3 Kh7 17. Nf5 Ng8 18. g4 g6 19. Ne3 f6 20. h4 Qg7 21. Rf2
Ne7 22. Rg2 Rg8 23. g5 fxg5 24. hxg5 Raf8 25. Ng4 h5 26. Nf6+ Rxf6 27. gxf6
Qxf6 28. Bg5 Qf7 29. Ra1 Bc8 30. Kf2 Bd7 31. Rh1 Rf8 32. f4 Be8 33. f5 gxf5
34. Ke1 Ng8 35. exf5 Nf6 36. Bxf6 Qxf6 37. Rxh5+ Bxh5 38. Qxh5+ { Black
resigns } 1-0

[Event "ICC tourney 2417 (40 10)"]
[Site "Internet Chess Club"]
[Date "2021.02.28"]
[Round "4"]
[White "BERKLEY, DARRIN K:drberkley"]
[Black "PANG, ASHLEY:redhawk2020"]
[Result "0-1"]
[ICCResult "White resigns"]
[WhiteElo "1955"]
[BlackElo "1954"]
[Opening "Sicilian: Grand Prix attack"]
[ECO "B23"]
[NIC "SI.44"]
[Time "17:47:09"]
[PlyCount "66"]
[TimeControl "2400+10"]

1. e4 c5 2. Nc3 Nc6 3. f4 e6 4. Nf3 Nge7 5. d4 cxd4 6. Nxd4 Nxd4 7. Qxd4
Nc6 8. Qf2 b6 9. Bd3 Nb4 10. Be3 Nxd3+ 11. cxd3 Ba6 12. Rd1 Rc8 13. O-O Bb4
14. Qg3 O-O 15. Bd4 f6 16. Kh1 Bc5 17. Ne2 Qe7 18. Qe3 Bb7 19. Rc1 d5 20.
e5 fxe5 21. fxe5 Rxf1+ 22. Rxf1 Rf8 23. Rxf8+ Qxf8 24. Kg1 Ba6 25. Nf4 Qf5
26. h4 Be7 27. Qg3 Kf7 28. Qf2 h6 29. Be3 Ke8 30. d4 Qg4 31. Qf3 Qf5 32. g4
Qb1+ 33. Qf1 Bxf1 { White resigns } 0-1

[Event "ICC tourney 2417 (40 10)"]
[Site "Internet Chess Club"]
[Date "2021.02.28"]
[Round "4"]
[White "KATSMAN, DAVID:davika21"]
[Black "Gagliano, Ethan A:Percy101"]
[Result "1/2-1/2"]
[ICCResult "Game drawn by mutual agreement"]
[WhiteElo "1883"]
[BlackElo "1898"]
[Opening "French: King's Indian attack"]
[ECO "C00"]
[NIC "FR.02"]
[Time "17:47:14"]
[PlyCount "72"]
[TimeControl "2400+10"]

1. e4 e6 2. d3 d5 3. Nd2 c5 4. Ngf3 Nc6 5. g3 Bd7 6. Bg2 Bd6 7. O-O Nge7 8.
exd5 Nxd5 9. Nc4 Bc7 10. a4 a6 11. Re1 O-O 12. Bg5 f6 13. Bd2 b5 14. axb5
axb5 15. Ne3 Bd6 16. c4 Nxe3 17. Bxe3 Nb4 18. Rxa8 Qxa8 19. d4 bxc4 20.
dxc5 Nd3 21. Ne5 Bxe5 22. Bxa8 Rxa8 23. Re2 Bc6 24. f4 Bxb2 25. Rxb2 Nxb2
26. Qb1 Nd3 27. Bd4 Bd5 28. Qb5 Kf7 29. Qd7+ Kg6 30. f5+ Kxf5 31. Qxg7 e5
32. Qxh7+ Ke6 33. Qc7 Bf3 34. Bc3 Ra2 35. Qc8+ Kf7 36. Qd7+ Kg6 { Game
drawn by mutual agreement } 1/2-1/2

[Event "ICC tourney 2417 (40 10)"]
[Site "Internet Chess Club"]
[Date "2021.02.28"]
[Round "4"]
[White "WANG, JEFFERY:creativechesski"]
[Black "MAUSKOPF, ROMAN:rmauskopf24"]
[Result "0-1"]
[ICCResult "White checkmated"]
[WhiteElo "1890"]
[BlackElo "1768"]
[Opening "Sicilian: Najdorf, Zagreb (fianchetto) variation"]
[ECO "B91"]
[NIC "SI.14"]
[Time "17:48:04"]
[PlyCount "92"]
[TimeControl "2400+10"]

1. e4 c5 2. Nf3 d6 3. d4 cxd4 4. Nxd4 Nf6 5. Nc3 a6 6. g3 e5 7. Nde2 Be7 8.
Bg2 Be6 9. O-O Nbd7 10. Be3 Ng4 11. Bd2 O-O 12. h3 Ngf6 13. a4 Nb6 14. b3
d5 15. a5 Nc8 16. exd5 Nxd5 17. Na4 Qc7 18. c4 Nb4 19. Nec3 Rd8 20. Qe2 Qd7
21. Rfd1 Nc2 22. Be3 Nd4 23. Qb2 Bxh3 24. Nd5 Bxg2 25. Kxg2 Qc6 26. f3 Bf6
27. Nxf6+ Qxf6 28. Bxd4 exd4 29. Rd3 Ne7 30. Nb6 Rab8 31. b4 Nf5 32. Qf2
Ne3+ 33. Kg1 Qg6 34. Rd2 f5 35. f4 Qc6 36. Rc1 Qe4 37. Re1 Qc6 38. Rc1 Rd6
39. c5 Rh6 40. Nd5 Qxd5 41. Qh2 Rxh2 42. Kxh2 Re8 43. Kg1 Re6 44. Rh2 Rh6
45. Rd2 Rh1+ 46. Kf2 Qg2# { White checkmated } 0-1

[Event "ICC tourney 2417 (40 10)"]
[Site "Internet Chess Club"]
[Date "2021.02.28"]
[Round "5"]
[White "Poliannikov, Danila:dopolian"]
[Black "GOLDSTEIN, ARAV MICAH:LoopyLoop"]
[Result "1-0"]
[ICCResult "Black resigns"]
[WhiteElo "2266"]
[BlackElo "1629"]
[Opening "Sicilian"]
[ECO "B56"]
[NIC "SI.25"]
[Time "20:03:47"]
[PlyCount "51"]
[TimeControl "2400+10"]

1. e4 c5 2. Nf3 d6 3. d4 cxd4 4. Nxd4 Nf6 5. Nc3 Nc6 6. Be3 Ng4 7. Bb5 Nxe3
8. fxe3 Bd7 9. O-O e6 10. Bxc6 bxc6 11. e5 dxe5 12. Qh5 Qe7 13. Qxe5 Qc5
14. Qf4 f6 15. Ne4 Qe7 16. Qc7 Qd8 17. Qg3 e5 18. Nf5 Bxf5 19. Rxf5 Rb8 20.
Raf1 Qc8 21. Rxe5+ Kf7 22. Nxf6 gxf6 23. Rxf6+ Kxf6 24. Qf4+ Qf5 25. Rxf5+
Ke7 26. Qe5+ { Black resigns } 1-0

[Event "ICC tourney 2417 (40 10)"]
[Site "Internet Chess Club"]
[Date "2021.02.28"]
[Round "5"]
[White "BELOUS, VLADIMIR:Openyagami"]
[Black "HEBDEN, MARK L:mhebden"]
[Result "1-0"]
[ICCResult "Black checkmated"]
[WhiteElo "2601"]
[BlackElo "2503"]
[Opening "King's Indian: 5.Nf3"]
[ECO "E90"]
[NIC "KI.20"]
[Time "20:02:09"]
[PlyCount "75"]
[TimeControl "2400+10"]

1. d4 Nf6 2. c4 g6 3. Nc3 Bg7 4. e4 d6 5. Nf3 O-O 6. h3 e5 7. d5 a5 8. Bg5
Na6 9. Be2 Bd7 10. g4 c6 11. Nd2 Nc5 12. h4 Qb6 13. Rb1 Bxg4 14. Bxf6 Bxe2
15. Qxe2 Bxf6 16. h5 a4 17. Kd1 Bg5 18. Kc2 Qb4 19. Rbg1 Bxd2 20. Qxd2 Qxc4
21. Rh3 Qd4 22. Qe2 cxd5 23. exd5 a3 24. Kb1 axb2 25. hxg6 fxg6 26. Qh5 Rf7
27. Rxg6+ Kf8 28. Qh6+ Ke7 29. Qg5+ Kd7 30. Rxd6+ Kxd6 31. Nb5+ Kxd5 32.
Nxd4 Kxd4 33. Qd2+ Kc4 34. Rc3+ Kb5 35. Qd5 Rc7 36. Rb3+ Ka4 37. Qc4+ Ka5
38. Qb5# { Black checkmated } 1-0

[Event "ICC tourney 2417 (40 10)"]
[Site "Internet Chess Club"]
[Date "2021.02.28"]
[Round "5"]
[White "Gagliano, Ethan A:Percy101"]
[Black "REMPE, MIEKE:MChessy"]
[Result "1/2-1/2"]
[ICCResult "Game drawn by mutual agreement"]
[WhiteElo "1898"]
[BlackElo "1900"]
[Opening "Caro-Kann: advance variation"]
[ECO "B12"]
[NIC "CK.04"]
[Time "20:01:54"]
[PlyCount "34"]
[TimeControl "2400+10"]

1. e4 c6 2. d4 d5 3. e5 Bf5 4. Nf3 e6 5. Be2 Nd7 6. O-O h6 7. Nbd2 g5 8.
Nb3 g4 9. Ne1 h5 10. Nd3 Bh6 11. Nf4 Ne7 12. Be3 Bxf4 13. Bxf4 Rg8 14. Qd2
Nf8 15. Nc5 Qc7 16. Qb4 Nfg6 17. Bg5 Rb8 { Game drawn by mutual agreement }
1/2-1/2

[Event "ICC tourney 2417 (40 10)"]
[Site "Internet Chess Club"]
[Date "2021.02.28"]
[Round "5"]
[White "LESCHINSKY, GARY:GLeschinsky"]
[Black "SLADE, THEODORE LUKE:MrNormalName"]
[Result "0-1"]
[ICCResult "White resigns"]
[WhiteElo "2106"]
[BlackElo "2166"]
[Opening "Nimzo-Indian: Kmoch variation"]
[ECO "E20"]
[NIC "NI.30"]
[Time "20:03:13"]
[PlyCount "76"]
[TimeControl "2400+10"]

1. d4 Nf6 2. c4 e6 3. Nc3 Bb4 4. f3 O-O 5. a3 Bxc3+ 6. bxc3 Ne8 7. Nh3 c5
8. e3 Nc6 9. Bd3 b6 10. O-O Ba6 11. f4 Na5 12. Qe2 Rc8 13. d5 exd5 14. cxd5
Bxd3 15. Qxd3 f5 16. e4 fxe4 17. Qxe4 Nf6 18. Qd3 c4 19. Qf3 Rc5 20. Rd1
Qa8 21. Be3 Rxd5 22. Bd4 Rxd4 23. cxd4 Qxf3 24. gxf3 Nb3 25. Ra2 Nd5 26.
Re1 Nxf4 27. Nxf4 Rxf4 28. Re7 Rxd4 29. Rg2 Rd1+ 30. Kf2 Rd2+ 31. Kf1 Rxg2
32. Kxg2 c3 33. Re2 d5 34. Kf2 d4 35. Re8+ Kf7 36. Rc8 Nc5 37. Ke2 d3+ 38.
Kd1 c2+ { White resigns } 0-1

[Event "ICC tourney 2417 (40 10)"]
[Site "Internet Chess Club"]
[Date "2021.02.28"]
[Round "5"]
[White "BECKER, ALLEN J:bozone"]
[Black "SHANKAR, PRANAV:pianoboy"]
[Result "1-0"]
[ICCResult "Black resigns"]
[WhiteElo "2071"]
[BlackElo "1914"]
[Opening "Caro-Kann: advance variation"]
[ECO "B12"]
[NIC "CK.02"]
[Time "20:02:26"]
[PlyCount "81"]
[TimeControl "2400+10"]

1. e4 c6 2. d4 d5 3. e5 c5 4. c3 Nc6 5. Be2 Bf5 6. Nf3 h6 7. O-O e6 8. Be3
Qb6 9. Qd2 Bg4 10. h3 Bxf3 11. Bxf3 cxd4 12. cxd4 Nge7 13. Nc3 Nf5 14. Rad1
Be7 15. Bg4 Nxe3 16. Qxe3 h5 17. Be2 O-O-O 18. Rd2 Rdg8 19. Rc1 Qd8 20. a3
g5 21. g3 Rg6 22. b4 Kb8 23. Na4 f5 24. b5 Na5 25. Rdc2 f4 26. Qd3 Rhg8 27.
Rc8+ Qxc8 28. Rxc8+ Kxc8 29. Qc3+ Nc4 30. Bxc4 dxc4 31. Qxc4+ Kb8 32. Nc5
Bxc5 33. dxc5 fxg3 34. fxg3 Rf8 35. Qd3 Rfg8 36. Qd6+ Kc8 37. c6 R8g7 38.
cxb7+ Kxb7 39. Qc6+ Kb8 40. a4 Rf7 41. Qe8+ { Black resigns } 1-0

[Event "ICC tourney 2417 (40 10)"]
[Site "Internet Chess Club"]
[Date "2021.02.28"]
[Round "5"]
[White "BERKLEY, DARRIN K:drberkley"]
[Black "BEEGALA, KESHAV:chessfirelord"]
[Result "1-0"]
[ICCResult "Black checkmated"]
[WhiteElo "1955"]
[BlackElo "1674"]
[Opening "Sicilian: Grand Prix attack"]
[ECO "B23"]
[NIC "SI.44"]
[Time "20:02:50"]
[PlyCount "77"]
[TimeControl "2400+10"]

1. e4 c5 2. Nc3 Nc6 3. f4 g6 4. Nf3 Bg7 5. Bb5 a6 6. Bxc6 dxc6 7. e5 Bg4 8.
O-O e6 9. Ne4 Bf8 10. d3 Be7 11. Be3 b6 12. Qe1 Bxf3 13. Rxf3 Nh6 14. Qc3
O-O 15. Bf2 Nf5 16. Rh3 Kg7 17. Qe1 Rh8 18. g4 Nd4 19. Rc1 h6 20. c3 Nb5
21. Qe2 Nc7 22. c4 a5 23. Qf3 Qd7 24. Kh1 Rad8 25. Rg1 Na6 26. a3 b5 27. f5
Kg8 28. fxg6 fxg6 29. Nf6+ Bxf6 30. Qxf6 Qe8 31. Be1 Rd7 32. Rf1 Qf7 33.
Rhf3 Rh7 34. Bxa5 b4 35. Qh4 g5 36. Qf2 Qg6 37. Rf6 Qxd3 38. Rf8+ Kg7 39.
Qf6# { Black checkmated } 1-0

[Event "ICC tourney 2417 (40 10)"]
[Site "Internet Chess Club"]
[Date "2021.02.28"]
[Round "5"]
[White "MAUSKOPF, ROMAN:rmauskopf24"]
[Black "DENG, HENRY:SuperPuzzler"]
[Result "0-1"]
[ICCResult "White resigns"]
[WhiteElo "1768"]
[BlackElo "2042"]
[Opening "King's Indian: orthodox, Aronin-Taimanov, bayonet attack"]
[ECO "E97"]
[NIC "KI.05"]
[Time "20:01:48"]
[PlyCount "106"]
[TimeControl "2400+10"]

1. d4 Nf6 2. c4 g6 3. Nc3 Bg7 4. e4 d6 5. Nf3 O-O 6. Be2 e5 7. O-O Nc6 8.
d5 Ne7 9. b4 Ne8 10. a4 f5 11. Ng5 h6 12. Ne6 Bxe6 13. dxe6 c6 14. Qb3 Kh7
15. Rd1 Nf6 16. Bf3 fxe4 17. Nxe4 Nxe4 18. Bxe4 Nf5 19. Bb2 Qe7 20. b5 Rac8
21. Qd3 Qxe6 22. Bxf5 Rxf5 23. Qxd6 Qxc4 24. Qd7 Rcf8 25. f3 R8f7 26. Qd2
h5 27. Qc3 Qe6 28. Qe3 cxb5 29. axb5 b6 30. Qd3 Rf4 31. Qd5 Qf5 32. Bc1 Rd4
33. Rxd4 exd4 34. Qxf5 gxf5 35. Bb2 Rc7 36. Rd1 Kg6 37. Kf1 Rc5 38. Ke2
Rc2+ 39. Rd2 Rxb2 40. Rxb2 d3+ 41. Kxd3 Bxb2 42. Kc4 Kf6 43. Kd5 Ba3 44. g3
Bc5 45. h3 Bf2 46. g4 fxg4 47. fxg4 hxg4 48. hxg4 Kg5 49. Kc6 Kxg4 50. Kb7
a5 51. bxa6 b5 52. a7 Bxa7 53. Kxa7 b4 { White resigns } 0-1

[Event "ICC tourney 2417 (40 10)"]
[Site "Internet Chess Club"]
[Date "2021.02.28"]
[Round "5"]
[White "PANG, ASHLEY:redhawk2020"]
[Black "HE, HENRY:wangfang75"]
[Result "1-0"]
[ICCResult "Black resigns"]
[WhiteElo "1954"]
[BlackElo "1838"]
[Opening "Two knights defense (Modern bishop's opening)"]
[ECO "C55"]
[NIC "IG.01"]
[Time "20:01:48"]
[PlyCount "125"]
[TimeControl "2400+10"]

1. e4 e5 2. Nf3 Nc6 3. Bc4 Nf6 4. d3 d6 5. c3 Bg4 6. Nbd2 Be7 7. h3 Be6 8.
O-O O-O 9. Re1 Re8 10. Bb3 a5 11. Ng5 d5 12. Nxe6 fxe6 13. Nf3 Bc5 14. Qc2
Nh5 15. Bg5 Qd6 16. Rad1 b5 17. a4 b4 18. d4 exd4 19. cxd4 Bb6 20. e5 Qd7
21. Be3 Rf8 22. Ng5 g6 23. Qe2 h6 24. Nf3 Nf4 25. Qc2 Nxh3+ 26. Kh2 Nf4 27.
Bxf4 Rxf4 28. Qxg6+ Kh8 29. Qxh6+ Qh7 30. Qxh7+ Kxh7 31. Kg3 Rxf3+ 32. gxf3
Rg8+ 33. Kf4 Rf8+ 34. Ke3 Bxd4+ 35. Rxd4 Rxf3+ 36. Kxf3 Nxd4+ 37. Kg4 Nxb3
38. f4 Kg7 39. f5 exf5+ 40. Kxf5 Nd4+ 41. Kf4 Kf7 42. Rh1 c5 43. Rh7+ Ke6
44. Rh6+ Ke7 45. Rd6 Ne6+ 46. Kf5 Nd4+ 47. Kg4 Nc2 48. Kf4 d4 49. Ke4 c4
50. Rxd4 Nxd4 51. Kxd4 Ke6 52. Kxc4 Kxe5 53. Kb5 Kd4 54. Kxa5 Kc4 55. Kb6
b3 56. a5 Kd3 57. a6 Kc2 58. a7 Kxb2 59. a8=Q Kb1 60. Qe4+ Ka2 61. Qa4+ Kb2
62. Kc5 Kc2 63. Kc4 { Black resigns } 1-0

[Event "ICC tourney 2417 (40 10)"]
[Site "Internet Chess Club"]
[Date "2021.02.28"]
[Round "5"]
[White "TANAKA, TYLER TAIRA:Moon-stone123"]
[Black "LEVIN, EVGENY A:Assured"]
[Result "0-1"]
[ICCResult "White resigns"]
[WhiteElo "2290"]
[BlackElo "2577"]
[Opening "Réti: King's Indian attack"]
[ECO "A05"]
[NIC "QP.11"]
[Time "20:01:52"]
[PlyCount "92"]
[TimeControl "2400+10"]

1. Nf3 Nf6 2. g3 g6 3. Bg2 Bg7 4. O-O O-O 5. c4 d6 6. Nc3 Nc6 7. d3 e5 8.
Bg5 h6 9. Bxf6 Bxf6 10. Rb1 a5 11. a3 Bg7 12. b4 axb4 13. axb4 Ne7 14. Qb3
c6 15. b5 Be6 16. bxc6 bxc6 17. Nd2 d5 18. Na4 Qa5 19. Qb4 Qxa4 20. Qxe7
Qc2 21. cxd5 cxd5 22. Qb4 Rfb8 23. Qxb8+ Rxb8 24. Rxb8+ Kh7 25. Nb3 d4 26.
Nc1 h5 27. Rb6 Bh6 28. Rc6 Qb2 29. h4 Bd2 30. Bf3 Bh3 31. Rd1 Bc3 32. Kh2
Be6 33. Rf1 Kg7 34. Rc7 Qd2 35. Rb7 Bb4 36. Rg1 Qc3 37. Rb6 Ba3 38. Rc6 Qd2
39. Rc7 Kf8 40. Rc6 Ke7 41. Kg2 Kd7 42. e3 dxe3 43. Ne2 e4 44. Bxe4 Qxe2
45. Rb1 exf2 46. Rf1 Bh3+ { White resigns } 0-1

[Event "ICC tourney 2417 (40 10)"]
[Site "Internet Chess Club"]
[Date "2021.02.28"]
[Round "5"]
[White "WANG, JEFFERY:creativechesski"]
[Black "KATSMAN, DAVID:davika21"]
[Result "0-1"]
[ICCResult "White checkmated"]
[WhiteElo "1890"]
[BlackElo "1883"]
[Opening "Ruy Lopez: Steinitz defense deferred (Russian defense)"]
[ECO "C79"]
[NIC "RL.12"]
[Time "20:02:08"]
[PlyCount "134"]
[TimeControl "2400+10"]

1. e4 e5 2. Nf3 Nc6 3. Bb5 a6 4. Ba4 Nf6 5. O-O d6 6. c3 b5 7. Bc2 Be7 8.
d4 exd4 9. cxd4 Nb4 10. Bb3 O-O 11. a3 Nc6 12. h3 Bb7 13. Nc3 Na5 14. Bc2
c5 15. d5 Nc4 16. b3 Nb6 17. Ne2 Re8 18. Ng3 Bc8 19. Bb2 Bf8 20. Re1 g6 21.
Qd2 Bg7 22. Rac1 a5 23. Bd3 Bd7 24. Bf1 b4 25. a4 Bc8 26. Bb5 Bd7 27. Bd3
Rc8 28. Qc2 Qc7 29. Nd2 h5 30. Nc4 Nxc4 31. Bxc4 h4 32. Nf1 Nh5 33. Bxg7
Nxg7 34. Nh2 Qd8 35. Nf3 Qf6 36. Bb5 Bxb5 37. axb5 Ra8 38. e5 dxe5 39. Qxc5
e4 40. Nd4 Nh5 41. Ne2 Qg5 42. d6 Qxc5 43. Rxc5 Nf6 44. Rd1 Red8 45. Rc7
Ne8 46. Rc6 Kg7 47. d7 Nf6 48. Rc7 Rab8 49. Nd4 Rxd7 50. Rxd7 Nxd7 51. Nc6
Rb7 52. Rd5 Nf6 53. Re5 a4 54. bxa4 b3 55. Na5 b2 56. Nxb7 b1=Q+ 57. Kh2
Qc1 58. Re7 Qf4+ 59. Kg1 Nd5 60. Rd7 e3 61. fxe3 Qxe3+ 62. Kh2 Qg3+ 63. Kg1
Ne3 64. Rd2 Qe1+ 65. Kh2 Nf1+ 66. Kg1 Ng3+ 67. Kh2 Qh1# { White checkmated
} 0-1